 Dungeon Crawl Stone Soup version 0.19.5 (webtiles) character file.

3578 tidbits the Carver (level 9, -7/61 HPs)
             Began as a High Elf Skald on Nov 9, 2017.
             Was a Follower of Makhleb.
             Mangled by a troll (13 damage)
             ... on level 9 of the Dungeon.
             The game lasted 00:33:27 (3121 turns).

tidbits the Carver (High Elf Skald)                 Turns: 3121, Time: 00:33:27

Health: -7/61      AC:  7    Str: 13    XL:     9   Next: 84%
Magic:  2/18       EV: 13    Int: 19    God:    Makhleb [*.....]
Gold:   88         SH:  6    Dex: 18    Spells: 5 memorised, 7 levels left

rFire  + + .     SeeInvis .     a - +0 long sword
rCold  + . .     Gourm    .     B - +2 leather armour of Kailad {rF++ rC+ rN+ Stlth-}
rNeg   + . .     Faith    .     D - +0 buckler
rPois  .         Spirit   .     E - +0 helmet
rElec  .         Reflect  .     n - +0 cloak
rCorr  .         Harm     .     (no gloves)
MR     .....                    (no boots)
Stlth  ..........               (no amulet)
                                (no ring)
                                g - +4 ring of dexterity

@: regenerating (expiring)
A: no striking features
a: Renounce Religion


You were on level 9 of the Dungeon.
You worshipped Makhleb.
Makhleb was aware of your devotion.
You were very hungry.

You visited 1 branch of the dungeon, and saw 10 of its levels.
You also visited: Sewer.

You collected 343 gold pieces.
You spent 255 gold pieces at shops.

Inventory:

Hand Weapons
 a - a +0 long sword (weapon)
   (You found it on level 5 of the Dungeon)
 e - a +0 dagger of draining
   (You took it off a goblin on level 1 of the Dungeon)
 f - a cursed +0 dagger
   (You found it on level 2 of the Dungeon)
 j - a +0 quarterstaff
   (You found it on level 3 of the Dungeon)
 r - a +0 shortbow
   (You took it off a centaur on level 5 of the Dungeon)
 v - a +2 antimagic broad axe
   (You found it on level 8 of the Dungeon)
 w - a +0 falchion
 K - a +0 hand crossbow
   (You found it on level 10 of the Dungeon)
Missiles
 s - 99 arrows
 u - 25 sling bullets
Armour
 b - a +0 leather armour
 m - a +0 ring mail
   (You found it on level 1 of the Dungeon)
 n - a +0 cloak (worn)
   (You found it on level 4 of the Dungeon)
 B - the +2 leather armour of Kailad (worn) {rF++ rC+ rN+ Stlth-}
   (You found it on level 4 of the Dungeon)

   It greatly protects you from fire.
   It protects you from cold.
   It protects you from negative energy.
   It makes you less stealthy.
 D - a +0 buckler (worn)
   (You found it on level 3 of the Dungeon)
 E - a +0 helmet (worn)
   (You found it on level 7 of the Dungeon)
Jewellery
 g - a +4 ring of dexterity (left hand)
   (You found it on level 2 of the Dungeon)
 F - an uncursed ring of ice
   (You found it on level 7 of the Dungeon)
Wands
 h - a wand of paralysis (0/24)
   (You found it on level 6 of the Dungeon)
 o - a wand of flame (31/48)
   (You found it on level 8 of the Dungeon)
 H - a wand of acid (1/15)
   (You found it on level 8 of the Dungeon)
 J - a wand of polymorph (1/24)
   (You found it on level 10 of the Dungeon)
Scrolls
 k - a scroll of blinking {unknown}
 l - a scroll of summoning {unknown}
 p - a scroll of fog {unknown}
 q - 2 scrolls of fear {unknown}
 t - a scroll of enchant armour {unknown}
 x - a scroll of amnesia
 y - a scroll of noise
 C - 4 scrolls of magic mapping
 G - a scroll of remove curse {unknown}
Potions
 A - a potion of cancellation
Books
 c - a book of Battle

   Spells                             Type                      Level
   a - Infusion                       Charms                       1
   b - Shroud of Golubria             Charms/Translocation         2
   c - Song of Slaying                Charms                       2
   d - Spectral Weapon                Hexes/Charms                 3
   e - Regeneration                   Charms/Necromancy            3
Comestibles
 d - 2 bread rations
 z - a meat ration
 I - 4 chunks of flesh


   Skills:
 + Level 5.0 Fighting
 * Level 10.2 Long Blades
 - Level 1.2 Armour
 + Level 3.3 Dodging
 - Level 6.3 Shields
 - Level 5.3 Spellcasting
 - Level 2.7 Hexes
 - Level 5.2 Charms
 - Level 2.1 Necromancy


You had 7 spell levels left.
You knew the following spells:

 Your Spells              Type           Power        Failure   Level  Hunger
g - Shroud of Golubria    Chrm/Tloc      ###.......   12%         2    None
i - Infusion              Chrm           ###.         1%          1    None
r - Regeneration          Chrm/Necr      ###.......   12%         3    ##.....
w - Spectral Weapon       Hex/Chrm       ###.....     12%         3    ##.....
y - Song of Slaying       Chrm           ###.....     2%          2    None


Dungeon Overview and Level Annotations

Branches:
Dungeon (10/15)            Temple (0/1) D:4             Orc (0/2) D:9
   Lair: D:8-11

Altars:
Ashenzari
Elyvilon
Fedhas
Gozag
Hepliaklqana
Kikubaaqudgha
Makhleb
Nemelex Xobeh
Okawaru
Ru
Trog
Uskayaw
Xom

Shops:
D:5 !%

Annotations:
D:3 1 exclusion
D:4 3 exclusions
D:10 p0werm0de's ghost, novice HECK


Message History

Okay, then.
Okay, then.
Casting: Spectral Weapon
Confirm with . or Enter, or press ? or * to list all spells.
Your skin crawls.
Your skin is crawling a little less now.
P0werm0de's ghost mumbles some strange words.
P0werm0de's ghost begins repelling missiles!
Your skin stops crawling.
P0werm0de's ghost flexes its fingers.
Casting: Regeneration
Confirm with . or Enter, or press ? or * to list all spells.
You draw out your weapon's spirit!
Casting: Spectral Weapon
Confirm with . or Enter, or press ? or * to list all spells.
You begin infusing your attacks with magical energy.
You block p0werm0de's ghost's attack.
You miss p0werm0de's ghost.
Your spectral weapon hits p0werm0de's ghost but does no damage.
P0werm0de's ghost misses you.
You hit p0werm0de's ghost.
P0werm0de's ghost is lightly damaged.
Your spectral weapon hits p0werm0de's ghost but does no damage.
You barely miss p0werm0de's ghost.
P0werm0de's ghost is lightly damaged.
Your spectral weapon hits p0werm0de's ghost.
P0werm0de's ghost completely misses you.
You hit p0werm0de's ghost but do no damage.
P0werm0de's ghost is lightly damaged.
Your spectral weapon misses p0werm0de's ghost.
P0werm0de's ghost hits you!!
You miss p0werm0de's ghost.
P0werm0de's ghost is lightly damaged.
Your spectral weapon closely misses p0werm0de's ghost.
P0werm0de's ghost hits you but does no damage.
You hit p0werm0de's ghost.
P0werm0de's ghost is lightly damaged.
Your spectral weapon hits p0werm0de's ghost.
P0werm0de's ghost barely misses you.
You riposte.
You hit p0werm0de's ghost!
P0werm0de's ghost is heavily damaged.
You miss p0werm0de's ghost.
P0werm0de's ghost is heavily damaged.
Your spectral weapon hits p0werm0de's ghost but does no damage.
P0werm0de's ghost misses you.
You slash p0werm0de's ghost!
P0werm0de's ghost is heavily damaged.
Your spectral weapon misses p0werm0de's ghost.
P0werm0de's ghost hits you.
You closely miss p0werm0de's ghost.
P0werm0de's ghost is heavily damaged.
Your spectral weapon misses p0werm0de's ghost.
P0werm0de's ghost hits you!
* * * LOW HITPOINT WARNING * * *
You hit p0werm0de's ghost.
P0werm0de's ghost is heavily damaged.
Your spectral weapon completely misses p0werm0de's ghost.
P0werm0de's ghost hits you!
* * * LOW HITPOINT WARNING * * *
Okay, then.
P0werm0de's ghost hits your spectral weapon but does no damage.
P0werm0de's ghost hits your spectral weapon!
Your spectral weapon shares its damage with you!
* * * LOW HITPOINT WARNING * * *
Things that are here:
a dagger; a robe Your magical infusion is running out.
You see here a scorpion corpse.
There is a stone staircase leading up, spattered with blood here.
You see here a bullfrog corpse.
You climb upwards.
Your summoned ally is left behind.
Your spectral weapon fades away.
There is a stone staircase leading down here.
Unknown command.
As you read the scroll labeled XIFFIURAKE, it crumbles to dust.
You feel strangely unstable.
It was a scroll of teleportation.
You are no longer magically infusing your attacks.
Casting: Infusion
Confirm with . or Enter, or press ? or * to list all spells.
Your skin crawls.
You see here a hog skeleton.
Your surroundings suddenly seem different.
You are feeling very hungry.
An orc comes into view. It is wielding a trident.
The orc shouts!
A gnoll sergeant comes into view. It is wielding a spear of venom.
The gnoll sergeant shouts!
A troll comes into view.
The troll shouts!
You hear a shout! x2
The orc hits you with a trident.
* * * LOW HITPOINT WARNING * * *
Found a fizzy silvery potion.
Okay, then.
You open the large door.
Your skin is crawling a little less now.
The gnoll sergeant barely misses you. The orc hits you with a trident!
* * * LOW HITPOINT WARNING * * *
The troll bites you.
* * * LOW HITPOINT WARNING * * *
The troll claws you!
You die...

***,,,,,,,,,,,*,,*,,,,,,,,,,,,
******,.......,*,,*,,,,,,,,,,,,
**,,,,,,.......,****,,,,,,,,,,,,
**,,,,,≈≈≈.≈≈...,,,,,,,,,,,,,,,,,
*,,≈≈≈≈≈≈≈≈≈≈≈..≈≈≈≈≈≈≈≈≈≈≈,,,,,,
,,,≈*****#...≈..,≈,,******≈,,,,,,
,,,≈*,,,,*,.....,,,,*,,,,*≈≈,,,,,
,,,≈*,,,,*,,##''##,,*,,,,*≈,,,,,,
,,,≈*,,,,*,,#.!.@#,,*,,,,*≈,,,**,
,,,≈*,,,,***#.goT#***,,,,*≈,,,**,
,,,≈***,,.........,,,,,***≈,,,,,,
,,≈≈,,*,*##########***,*,,,,,8,,,
,,≈,,,*,*,,,*,,,,,,,,*,*,,≈,,,,,,
,,,≈,,*,*,,,+,,,,,,,,*,*,,≈,,,**,
,,,≈,,*,*,,,*,,,,,,,,*,*,,≈≈,,**,
,,,≈,,*,******++******,*,,≈≈,,,,,
,,,≈***,,,,,,,,,,,,,,,,***≈,,,,,,


You could see a troll, a gnoll sergeant and an orc.

Vanquished Creatures
  Prince Ribbit (D:5)
  A hippogriff (D:7)
  2 hogs (D:9)
  A hungry ghost (D:7)
  Menkaure (D:6)
  The ghost of p0werm0de the Slasher, an amateur HECK of Xom (D:4)
  Duvessa (D:7)
  2 ice beasts
  A phantom (D:7)
  4 ogres
  4 centaurs
  The ghost of tidbits the Charmwright, an amateur HESk (D:5)
  The ghost of tidbits the Charmwright, an amateur HESk of Makhleb (Sewer)
  A crocodile (Sewer)
  3 bullfrogs
  A big kobold (D:7)
  Dowan (D:7)
  2 scorpions
  A howler monkey (D:4)
  2 crimson imps (D:6)
  2 hounds (D:5)
  2 jellies
  5 orc wizards
  A gnoll shaman (D:8)
  11 orc priests
  2 worker ants
  A mummy (D:4)
  5 gnolls
  A howler monkey skeleton (D:6)
  A river rat (D:3)
  An ooze (D:1)
  An adder skeleton (D:6)
  3 worms
  3 leopard geckos
  11 orcs
  3 giant cockroaches
  5 hobgoblins
  3 jackals (D:8)
  9 kobolds
  2 quokkas
  A ball python (D:3)
  8 bats
  3 frilled lizards
  6 goblins
  A jackal zombie (D:6)
  A leopard gecko skeleton (D:6)
  A leopard gecko zombie (D:6)
  A quokka zombie (D:5)
  4 rats (D:3)
130 creatures vanquished.

Vanquished Creatures (others)
  9 spectral weapons
9 creatures vanquished.

Grand Total: 139 creatures vanquished

Notes
Turn   | Place    | Note
-------+----------+-------------------------------------------
     0 | D:1      | tidbits the High Elf Skald began the quest for the Orb.
     0 | D:1      | Reached XP level 1. HP: 14/14 MP: 4/4
    31 | D:1      | Reached skill level 1 in Armour
   108 | D:1      | Reached XP level 2. HP: 7/19 MP: 2/6
   258 | D:1      | Reached skill level 3 in Spellcasting
   423 | D:3      | Reached XP level 3. HP: 17/24 MP: 1/9
   435 | D:3      | Learned a level 3 spell: Spectral Weapon
   438 | D:3      | Learned a level 2 spell: Song of Slaying
   442 | D:3      | Learned a level 3 spell: Regeneration
   481 | D:4      | Got a smelly leather armour
   492 | D:4      | Identified the +2 leather armour of Kailad {rF++ rC+ rN+ Stlth-} (You found it on level 4 of the Dungeon)
   538 | D:4      | Reached skill level 4 in Spellcasting
   540 | D:4      | Reached XP level 4. HP: 26/29 MP: 3/11
   617 | D:4      | Reached skill level 5 in Spellcasting
   749 | D:3      | Found a glowing drain.
   753 | Sewer    | Entered a sewer
   753 | Sewer    | Noticed tidbits's ghost (amateur HESk)
   804 | Sewer    | Killed tidbits's ghost
   804 | Sewer    | Reached skill level 2 in Dodging
   804 | Sewer    | Reached XP level 5. HP: 5/35 MP: 11/13
   869 | Sewer    | Noticed a crocodile
   874 | Sewer    | Learned a level 2 spell: Shroud of Golubria
   882 | Sewer    | Killed a crocodile
   882 | Sewer    | Reached skill level 3 in Fighting
   882 | Sewer    | Reached skill level 3 in Dodging
   882 | Sewer    | Reached XP level 6. HP: 39/42 MP: 10/15
  1019 | D:5      | Entered Level 5 of the Dungeon
  1019 | D:5      | Found a shimmering altar of Xom.
  1019 | D:5      | Found an opulent altar of Gozag.
  1019 | D:5      | Found a shattered altar of Ashenzari.
  1021 | D:5      | Found an ancient bone altar of Kikubaaqudgha.
  1133 | D:4      | Found a sand-covered staircase.
  1184 | D:5      | Reached skill level 1 in Shields
  1190 | D:5      | Reached skill level 2 in Shields
  1213 | D:5      | Found Luxilud's Distillery.
  1219 | D:5      | Found Padop's Food Shop.
  1226 | D:5      | Bought a potion of heal wounds for 75 gold pieces
  1226 | D:5      | Bought a potion of curing for 45 gold pieces
  1226 | D:5      | Bought a potion of might for 60 gold pieces
  1305 | D:5      | Noticed tidbits's ghost (amateur HESk)
  1316 | D:5      | Killed tidbits's ghost
  1316 | D:5      | Reached skill level 3 in Shields
  1366 | D:6      | Reached XP level 7. HP: 44/46 MP: 5/16
  1405 | D:6      | Reached skill level 3 in Long Blades
  1411 | D:6      | Reached skill level 4 in Long Blades
  1613 | D:7      | Reached skill level 4 in Shields
  1642 | D:7      | Reached skill level 5 in Long Blades
  1650 | D:7      | Noticed Duvessa
  1650 | D:7      | Noticed Dowan
  1659 | D:7      | Killed Duvessa
  1673 | D:7      | Killed Dowan
  1673 | D:7      | Reached skill level 6 in Long Blades
  1673 | D:7      | Reached XP level 8. HP: 31/52 MP: 9/17
  1686 | D:7      | HP: 3/52 [orc priest/divine providence (10)]
  1737 | D:7      | Noticed a hippogriff
  1740 | D:7      | Reached skill level 7 in Long Blades
  1740 | D:7      | Reached skill level 5 in Shields
  1745 | D:7      | Killed a hippogriff
  1777 | D:7      | Reached skill level 8 in Long Blades
  1945 | D:6      | Reached skill level 9 in Long Blades
  1951 | D:6      | HP: 3/52 [something (3)]
  1956 | D:6      | HP: 4/52 [something/magic dart (8)]
  1957 | D:6      | HP: 1/52 [orc/trident (7)]
  2111 | D:6      | Reached XP level 9. HP: 20/57 MP: 2/18
  2181 | D:5      | Bought a potion of heal wounds for 75 gold pieces
  2189 | D:5      | Found a blossoming altar of Fedhas.
  2197 | D:4      | Found an opulent altar of Gozag.
  2200 | D:4      | Found a burning altar of Makhleb.
  2200 | D:4      | Found a hide-covered altar of Uskayaw.
  2200 | D:4      | Found an iron altar of Okawaru.
  2201 | D:4      | Found a shimmering altar of Xom.
  2201 | D:4      | Found a sparkling altar of Nemelex Xobeh.
  2201 | D:4      | Found a burning altar of Makhleb.
  2202 | D:4      | Found a sacrificial altar of Ru.
  2202 | D:4      | Found an opulent altar of Gozag.
  2202 | D:4      | Found a hazy altar of Hepliaklqana.
  2203 | D:4      | Noticed p0werm0de's ghost (amateur HECK)
  2208 | D:4      | Reached skill level 6 in Shields
  2212 | D:4      | Found a shimmering altar of Xom.
  2212 | D:4      | Found a white marble altar of Elyvilon.
  2224 | D:4      | Killed p0werm0de's ghost
  2226 | D:4      | Found a bloodstained altar of Trog.
  2226 | D:4      | Found a shimmering altar of Xom.
  2227 | D:4      | Found an ancient bone altar of Kikubaaqudgha.
  2227 | D:4      | Found an opulent altar of Gozag.
  2233 | D:4      | Became a worshipper of Makhleb the Destroyer
  2235 | D:4      | Found a staircase to the Ecumenical Temple.
  2273 | D:5      | Noticed Prince Ribbit
  2289 | D:5      | Killed Prince Ribbit
  2289 | D:5      | Reached skill level 10 in Long Blades
  2432 | D:8      | Reached skill level 4 in Fighting
  2444 | D:8      | HP: 3/59 [gnoll/spear (5)]
  2485 | D:6      | Noticed Menkaure
  2494 | D:6      | Killed Menkaure
  2494 | D:6      | Reached skill level 5 in Fighting
  2585 | D:7      | HP: 3/61 [orc warrior/dire flail (4)]
  2743 | D:8      | Reached skill level 4 in Charms
  2843 | D:8      | Reached skill level 1 in Hexes
  2852 | D:8      | Found an iron altar of Okawaru.
  2861 | D:8      | Reached skill level 1 in Necromancy
  2936 | D:9      | Reached skill level 2 in Hexes
  2939 | D:9      | Reached * piety under Makhleb
  2939 | D:9      | Reached skill level 5 in Charms
  2977 | D:10     | Entered Level 10 of the Dungeon
  2982 | D:10     | Reached skill level 2 in Necromancy
  3064 | D:10     | Noticed p0werm0de's ghost (novice HECK)
  3120 | D:9      | Noticed a troll
  3121 | D:9      | HP: 6/61 [troll (2)]
  3121 | D:9      | Mangled by a troll

Skill      XL: |  1  2  3  4  5  6  7  8  9 |
---------------+----------------------------+-----
Armour         | 1 |  1.2
Spellcasting   | 3 4 5 |  5.3
Dodging        | 2 3 |  3.3
Fighting       | 3 5 |  5.0
Shields        | 3 4 5 6 |  6.3
Long Blades    | 6 9 10 | 10.2
Charms         | 5 |  5.2
Hexes          | 2 |  2.7
Necromancy     | 2 |  2.1

Action                   |  1- 3 |  4- 6 |  7- 9 || total
-------------------------+-------+-------+-------++-------
Melee: Falchion          |    16 |     6 |       ||    22
       Dagger            |    45 |    90 |    62 ||   197
       Long sword        |       |    15 |   188 ||   203
 Cast: Infusion          |    10 |     1 |     4 ||    15
       Spectral Weapon   |     1 |    14 |    37 ||    52
       Song of Slaying   |       |     1 |       ||     1
       Regeneration      |       |     2 |    17 ||    19
       Shroud of Golubri |       |     2 |     6 ||     8
Evoke: Wand              |       |       |     6 ||     6
  Use: Potion            |       |     5 |     8 ||    13
       Scroll            |       |     1 |     6 ||     7
 Stab: Invisible         |       |     5 |     2 ||     7
       Held in net/web   |       |     1 |       ||     1
       Distracted        |       |       |     4 ||     4
       Paralysed         |       |       |     2 ||     2
  Eat: Meat ration       |       |     1 |     1 ||     2
       Chunk             |       |       |     3 ||     3
       Royal jelly       |       |       |     1 ||     1
Armor: Leather armour    |     6 |    44 |    58 ||   108
       Ring mail         |     5 |       |       ||     5
Dodge: Dodged            |    26 |    86 |   132 ||   244
Block: Buckler           |       |     5 |    70 ||    75
       Rpst.: Falchion   |     1 |       |       ||     1
       Long sword        |       |     3 |    34 ||    37

Table legend:
 A = Turns spent in this place as a percentage of turns spent in the entire game.
 B = Non-inter-level travel turns spent in this place as a percentage of non-inter-level travel turns spent in the entire game.
 C = Inter-level travel turns spent in this place as a percentage of turns spent in this place.
 D = Turns resting spent in this place as a percentage of non-inter-level travel turns spent in this place.
 E = Turns spent auto-exploring this place as a percentage of non-inter-level travel turns spent in this place.
 F = Non-inter-level travel turns spent in this place divided by the number of levels of this place that you've seen.
                   A       B       C       D       E      F
               +-------+-------+-------+-------+-------+----------------------
         Total | 100.0 | 100.0 |   0.1 |   0.0 |   0.0 | 252.0
       Dungeon |  94.1 |  94.1 |   0.2 |   0.0 |   0.0 | 260.9
         Sewer |   5.9 |   5.9 |   0.0 |   0.0 |   0.0 | 163.0
               +-------+-------+-------+-------+-------+----------------------

Table legend:
 A = Kills in this place as a percentage of kills in entire the game.
 B = Kills by you in this place as a percentage of kills by you in the entire game.
 C = Kills by friends in this place as a percentage of kills by friends in the entire game.
 D = Other kills in this place as a percentage of other kills in the entire game.
 E = Experience gained in this place as a percentage of experience gained in the entire game.
 F = Experience gained in this place divided by the number of levels of this place that you have seen.
                   A       B       C       D       E      F
               +-------+-------+-------+-------+-------+----------------------
         Total | 100.0 | 100.0 |  -nan |  -nan | 100.0 | 464.7
       Dungeon |  94.6 |  94.6 |  -nan |  -nan |  95.8 | 489.7
         Sewer |   5.4 |   5.4 |  -nan |  -nan |   4.2 | 215.0
               +-------+-------+-------+-------+-------+----------------------

Vault maps used:
D:1:      lightli_arrival_flooded_house, grunt_decor_mini_mirrors,
          minmay_misc_feat_ornament
D:2:      minmay_unequal
D:3:      gup_sewer_entry_bowl
D:4:      temple_doors_cd, gup_ossuary_entry_pyramid, grunt_ministairs_9
D:5:      grunt_temple_overflow_open, first_bread, basic_altar, serial_shops,
          nicolae_shop_crystal, shop, uniq_prince_ribbit1
D:6:      uniq_menkaure
D:7:      uniq_duvessa
D:8:      lemuel_ratsnest, lemuel_round_altar, erik_lair_orcish_takeover,
          basic_altar
D:9:      kennysheep_town
Sewer:    sewer_big_baddie
